 Dungeon Crawl Stone Soup version 0.18.1-8-gdd0e5ea (webtiles) character file.

18 inmateoo the Charmwright (level 2, -3/25 HPs)
             Began as a Ghoul Skald on May 21, 2016.
             Killed from afar by Ijyb (12 damage)
             ... with a wand of flame
             ... on level 2 of the Dungeon.
             The game lasted 00:00:58 (577 turns).

inmateoo the Charmwright (Ghoul Skald)               Turns: 577, Time: 00:00:59

Health: -3/25      AC:  3    Str: 15    XL:     2   Next: 66%
Magic:  3/3        EV: 11    Int:  7    God:
Gold:   93         SH:  0    Dex:  8    Spells: 1 memorised, 3 levels left

rFire  . . .     SeeInvis .     a - +0 hand axe
rCold  + . .     Gourm    .     b - +0 leather armour
rNeg   + + +     Faith    .     (no shield)
rPois  ∞         Spirit   .     (no helmet)
rElec  .         Dismiss  .     (no cloak)
rCorr  .         Reflect  .     (no gloves)
SustAt .         Harm     .     (no boots)
MR     .....                    (no amulet)
Stlth  +.........               (no ring)
                                (no ring)

@: rotting, not resistant to hostile enchantments, very unstealthy
A: rotting body, claws 1, carnivore 3, cold resistance 1, negative energy
resistance 3, slow regeneration 1, torment resistance, unbreathing
a: no special abilities


You were on level 2 of the Dungeon.
You were not hungry.

You visited 1 branch of the dungeon, and saw 2 of its levels.

You collected 93 gold pieces.

Inventory:

Hand Weapons
 a - a +0 hand axe (weapon)
Armour
 b - a +0 leather armour (worn)
Scrolls
 e - a scroll of immolation {unknown}
 f - a scroll of magic mapping {unknown}
 j - a scroll of identify {unknown}
Potions
 g - a potion of ambrosia {unknown}
 h - a potion of might {unknown}
 i - a potion of resistance {unknown}
Books
 c - a book of Battle

   Spells                             Type                      Level
   a - Infusion                       Charms                       1
   b - Shroud of Golubria             Charms/Translocation         2
   c - Song of Slaying                Charms                       2
   d - Spectral Weapon                Hexes/Charms                 3
   e - Regeneration                   Charms/Necromancy            3
Comestibles
 d - 2 meat rations
 l - a slice of pizza


   Skills:
 + Level 2.4 Fighting
 * Level 2.3 Axes
 + Level 1.2 Armour
 + Level 1.1 Dodging
 - Level 1.7 Spellcasting
 - Level 2.6 Charms


You had 3 spell levels left.
You knew the following spells:

 Your Spells              Type           Power        Failure   Level  Hunger
a - Infusion              Chrm           #...         17%         1    ##.....


Dungeon Overview and Level Annotations

Branches:
Dungeon (2/15)

Altars:

Annotations:
D:2 Ijyb


Innate Abilities, Weirdness & Mutations

Your body is rotting away.
You thrive on raw meat.
You are immune to poison.
You have sharp fingernails.
You are carnivorous and can eat meat at any time.
Your flesh is cold resistant.
You are immune to negative energy.
You regenerate slowly when monsters are visible.
You are immune to unholy pain and torment.
You can survive without breathing.


Message History

This raw flesh tastes great!
Ijyb hits you but does no damage.
You continue eating.
Ijyb hits you with a club.
You continue eating.
Ijyb zaps a wand.
The puff of flame hits you!
Eat which item? (? for menu, Esc to quit)
You can't eat that!
You barely miss Ijyb.
Ijyb is moderately wounded.
Ijyb hits you with a club.
You hit Ijyb.
Ijyb is heavily wounded.
Ijyb barely misses you.
You hit Ijyb.
Ijyb is heavily wounded.
Ijyb barely misses you.
You barely miss Ijyb.
Ijyb is heavily wounded.
Ijyb zaps a wand.
The puff of flame hits you!
You die...

.###.#.## ##.......##
.#.....# ##.....##
.#.#.#.# ##...##
.#...#.# ##+## .#..##.#
#.# .#.....# #.#
.......# ##.######.
.##.##.########.g.......
###.#...........@..# #
#.#..######.#...## #
#.......# #.##..# #
###..##.###.##?.##.# .
.....##.........)..#
#####.#######.##........
#. ...##.####### ##
######.# #.#


You could see Ijyb.

Vanquished Creatures
  A giant gecko (D:1)
  2 giant cockroaches (D:1)
  4 goblins
  A hobgoblin (D:1)
  2 kobolds
  3 bats (D:1)
  A giant newt (D:1)
  A rat (D:1)
15 creatures vanquished.

Notes
Turn   | Place    | Note
--------------------------------------------------------------
     0 | D:1      | inmateoo the Ghoul Skald began the quest for the Orb.
     0 | D:1      | Reached XP level 1. HP: 17/17 MP: 2/2
    22 | D:1      | Reached skill level 1 in Dodging
    88 | D:1      | Reached skill level 1 in Armour
   132 | D:1      | Reached XP level 2. HP: 24/24 MP: 3/3
   557 | D:2      | Noticed Ijyb
   577 | D:2      | Killed from afar by Ijyb

Skill      XL: |  1 |
---------------+----+-----
Dodging        | 1 |  1.1
Armour         | 1 |  1.2
Axes           | 2 |  2.3
Fighting       | |  2.4
Spellcasting   | |  1.7
Charms         | |  2.6

Action                   || total
-------------------------++-------
Melee: Hand axe          ||    68
  Eat: Chunk             ||    11
Armor: Leather armour    ||    29
Dodge: Dodged            ||    60
